 Dungeon Crawl Stone Soup version 0.20-a0-1122-gb7cbeb9 (webtiles) character file.

42 Monsterracer the Chopper (level 3, -1/31 HPs)
             Began as a Hill Orc Fighter on May 13, 2017.
             Slain by Natasha (7 damage)
             ... on level 2 of the Dungeon.
             The game lasted 00:02:41 (1194 turns).

Monsterracer the Chopper (Hill Orc Fighter)         Turns: 1194, Time: 00:02:42

Health: -1/31      AC:  8    Str: 19    XL:     3   Next: 54%
Magic:  3/3        EV:  7    Int:  8    God:
Gold:   46         SH:  9    Dex: 10    Spells: 2/2 levels left

rFire    . . .     SeeInvis .   a - +0 war axe
rCold    . . .     Gourm    .   c - +0 shield
rNeg     . . .     Faith    .   b - +0 scale mail
rPois    .         Spirit   .   (no helmet)
rElec    .         Reflect  .   (no cloak)
rCorr    .         Harm     .   o - +0 pair of gloves
MR       .....                  (no boots)
Stlth    ..........             (no amulet)
Regen    0.0/turn               (no ring)
MPRegen  0.1/turn               (no ring)

@: no status effects
A: talons 1, inhibited regeneration
a: no special abilities


You were on level 2 of the Dungeon.
You were very hungry.

You visited 1 branch of the dungeon, and saw 2 of its levels.

You collected 46 gold pieces.

Inventory:

Hand Weapons
 a - a +0 war axe (weapon)
Armour
 b - a +0 scale mail (worn)
 c - a +0 shield (worn)
 o - a +0 pair of gloves (worn)
Scrolls
 e - a scroll of teleportation {unknown}
 g - a scroll of identify {unknown}
 i - a scroll of remove curse {unknown}
 j - a scroll of magic mapping {unknown}
 k - a scroll of enchant weapon {unknown}
 l - a scroll of recharging {unknown}
 m - a scroll of amnesia {unknown}
 n - a scroll of immolation {unknown}
 r - a scroll of enchant armour {unknown}
Potions
 d - a potion of might
 q - a potion of haste
Comestibles
 f - 3 bread rations
 h - a meat ration
 p - a royal jelly
 s - 4 fruits


   Skills:
 - Level 3.6 Fighting
 + Level 5.0 Axes
 - Level 3.2 Armour
 - Level 3.2 Shields


You had 2 spell levels left.
You didn't know any spells.

Dungeon Overview and Level Annotations

Branches:
Dungeon (2/15)

Altars:

Annotations:
D:2 Natasha


Innate Abilities, Weirdness & Mutations

You have sharp toenails.
You do not regenerate when monsters are visible.


Message History

Natasha claws you. You block Natasha's attack.
You hit Natasha but do no damage.
Natasha is severely wounded.
Natasha stares at you and mumbles some strange words.
The magic dart hits you!
* * * LOW HITPOINT WARNING * * *
You completely miss Natasha. Your kick misses Natasha.
Natasha is severely wounded.
Natasha zaps a wand.
The puff of flame hits you!
* * * LOW HITPOINT WARNING * * *
Your shield prevents you from hitting Natasha.
Natasha is severely wounded.
The crimson imp blinks!
Natasha barely misses you. x2
You barely miss Natasha. You claw Natasha, but do no damage.
Natasha is severely wounded.
You slash the crimson imp!
The crimson imp blinks!
You block Natasha's attack.
Your shield prevents you from hitting Natasha.
Natasha is severely wounded.
Natasha claws you!
You die...

#### .... .#
############# .#
#.....5§@h§.# .#
######.###### ##
#.# ###########
#.# #.........#
#.###
#.........####...#
....)..........###
#.........####.#
..........# #.#


You could see Natasha and a crimson imp.

Vanquished Creatures
  A worm (D:2)
  3 leopard geckos (D:2)
  5 bats
  A giant cockroach (D:1)
  6 goblins
  3 hobgoblins
  2 jackals (D:2)
  4 kobolds
  2 frilled lizards (D:2)
  5 rats (D:1)
32 creatures vanquished.

Notes
Turn   | Place    | Note
-------+----------+-------------------------------------------
     0 | D:1      | Monsterracer the Hill Orc Fighter began the quest for the Orb.
     0 | D:1      | Reached XP level 1. HP: 19/19 MP: 1/1
    34 | D:1      | Reached skill level 3 in Axes
    42 | D:1      | Gained mutation: You do not regenerate when monsters are visible. [potion of mutation]
    42 | D:1      | Gained mutation: You have sharp toenails. [potion of mutation]
   156 | D:1      | Reached XP level 2. HP: 26/26 MP: 2/2
   367 | D:1      | Reached skill level 4 in Axes
   643 | D:2      | Reached XP level 3. HP: 22/31 MP: 3/3
   963 | D:2      | Reached skill level 5 in Axes
  1181 | D:2      | Noticed Natasha
  1194 | D:2      | Slain by Natasha

Vault maps used:
D:1:      sevenhm_arrival_forest_fort_small_4, bh_walls_and_bars
D:2:      first_bread, kennysheep_crisscross, hangedman_decor_diamond_cutter,
          uniq_natasha

Skill      XL: |  1  2  3 |
---------------+----------+-----
Axes           | 3 4 5 |  5.0
Fighting       | |  3.6
Armour         | |  3.2
Shields        | |  3.2

Action                   || total
-------------------------++-------
Melee: War axe           ||    91
       Kick              ||    15
  Use: Potion            ||     5
Armor: Scale mail        ||    42
Dodge: Dodged            ||    31
Block: Shield            ||    44
